 Dungeon Crawl Stone Soup version 0.22-a0-782-g038298e (webtiles) character file.

35 Kuinu the Firebug (level 3, 0/26 HPs)
             Began as a Draconian Fire Elementalist on July 20, 2018.
             Succumbed to an adder's poison
             ... on level 2 of the Dungeon.
             The game lasted 00:05:43 (984 turns).

Kuinu the Firebug (Draconian Fire Elementalist)      Turns: 984, Time: 00:05:43

Health: 0/26       AC:  5    Str: 10    XL:     3   Next: 16%
Magic:  1/6        EV: 12    Int: 16    God:
Gold:   37         SH:  0    Dex: 11    Spells: 3/6 levels left

rFire    . . .     SeeInvis .   c - +0 mace
rCold    . . .     Gourm    .   (no shield)
rNeg     . . .     Faith    .   (armour unavailable)
rPois    .         Spirit   .   (helmet restricted)
rElec    .         Reflect  .   (no cloak)
rCorr    .         Harm     .   (no gloves)
MR       .....                  (no boots)
Stlth    ++........             (no amulet)
HPRegen  0.08/turn              (no ring)
MPRegen  0.10/turn              (no ring)

@: lethally poisoned (0 -> -8), hasted, very quick
A: unfitting armour, cold-blooded, AC +5
a: no special abilities


You were on level 2 of the Dungeon.
You were not hungry.

You visited 1 branch of the dungeon, and saw 2 of its levels.

You collected 37 gold pieces.

Inventory:

Hand Weapons
 c - a +0 mace (weapon)
Scrolls
 a - a scroll of random uselessness {unknown}
 e - a scroll of enchant weapon {unknown}
 h - a scroll of magic mapping {unknown}
 i - a scroll of noise {unknown}
 k - a scroll of amnesia {unknown}
Potions
 f - a potion of brilliance {unknown}
 g - a potion of haste
 j - a potion of agility {unknown}
 l - a potion of might {unknown}
 m - a potion of curing {unknown}
Comestibles
 b - 3 rations
 d - 5 chunks of flesh


   Skills:
 + Level 2.0 Dodging
 + Level 1.9 Stealth
 * Level 2.4 Spellcasting
 * Level 1.5 Conjurations
 * Level 3.4 Fire Magic


You had 3 spell levels left.
You knew the following spells:

 Your Spells              Type           Power        Failure   Level  Hunger
a - Flame Tongue          Conj/Fire      #....        7%          1    #......
b - Throw Flame           Conj/Fire      #.....       11%         2    ###....

Your spell library contained the following spells:

 Spells                   Type           Power        Failure   Level  Hunger
 Fireball                 Conj/Fire      #.........   89%         5    ######.
 Conjure Flame            Conj/Fire      #.......     22%         3    ###....
 Sticky Flame             Conj/Fire      #.......     56%         4    #####..
 Inner Flame              Hex/Fire       #.......     28%         3    ###....


Dungeon Overview and Level Annotations

Branches:
Dungeon (2/15)

Altars:
Nemelex Xobeh


Innate Abilities, Weirdness & Mutations

Your plain brown scales are hard. (AC +5)
You cannot fit into any form of body armour.
You are cold-blooded and may be slowed by cold attacks.


Message History

The adder poisons you!
You barely miss the adder. You tail-slap the adder.
The adder is moderately wounded.
You feel sick. The adder bites you.
* * * LOW HITPOINT WARNING * * *
The adder barely misses you.
You closely miss the adder.
The adder is moderately wounded.
* * * LOW HITPOINT WARNING * * *
You feel sick. The adder closely misses you. The adder bites you.
* * * LOW HITPOINT WARNING * * *
It was a potion of haste.
You feel yourself speed up.
* * * LOW HITPOINT WARNING * * *
You feel sick. The adder bites you.
* * * LOW HITPOINT WARNING * * *
Okay, then.
There is an open door here.
* * * LOW HITPOINT WARNING * * *
You feel sick.
You die...

###########
#.........######
##########.........#....#
.........'......@.S'....+
##########รท........#....#
...# #.........#....# ...#
#..[......#....# ...#
#.........#....# ...#
#.........#....# ...#
###...#####..... ...#
....# #...... ...# ..##


You could see an adder.

Vanquished Creatures
  An adder (D:2)
  A leopard gecko (D:1)
  5 bats
  A giant cockroach (D:1)
  A goblin (D:1)
  3 hobgoblins
  A frilled lizard (D:1)
  9 kobolds
  2 rats
24 creatures vanquished.

Notes
Turn   | Place    | Note
-------+----------+-------------------------------------------
     0 | D:1      | Kuinu the Draconian Fire Elementalist began the quest for the Orb.
     0 | D:1      | Reached XP level 1. HP: 14/14 MP: 3/3
   268 | D:1      | Reached XP level 2. HP: 20/20 MP: 3/5
   872 | D:2      | Found a sparkling altar of Nemelex Xobeh.
   943 | D:2      | Learned a level 2 spell: Throw Flame
   952 | D:2      | Reached XP level 3. HP: 16/26 MP: 0/6
   982 | D:2      | HP: 1/26 [poisoned by an adder]
   984 | D:2      | Succumbed to an adder's poison

Vault maps used:
D:1:      matt_arrival_los_fun, grunt_decor_one_mirror
D:2:      nemelex_spade_bored_becter

Skill      XL: |  1  2 |
---------------+-------+-----
Dodging        | 2 |  2.0
Stealth        | |  1.9
Spellcasting   | |  2.4
Conjurations   | |  1.5
Fire Magic     | |  3.4

Action                   || total
-------------------------++-------
Melee: Mace              ||    35
       Tailslap          ||     5
 Cast: Flame Tongue      ||    30
       Throw Flame       ||     2
  Use: Potion            ||     1
  Eat: Chunk             ||     1
Armor: Skin              ||    10
Dodge: Dodged            ||    29

Table legend:
 A = Spawn XP
 B = Non-spawn XP
 C = Spawn XP percentage of total XP
 D = Spawn monster count
 E = Non-spawn monster count
 F = Spawn count percentage of total count
 G = Total turns spent on level
                    A         B        C        D         E        F      G
               +---------+---------+-------+---------+---------+-------+---------
         Total |       0 |      50 |   0.0 |       0 |      24 |   0.0 |   984
               +---------+---------+-------+---------+---------+-------+---------
           D:1 |       0 |      31 |   0.0 |       0 |      19 |   0.0 |   838
           D:2 |       0 |      19 |   0.0 |       0 |       5 |   0.0 |   146
               +---------+---------+-------+---------+---------+-------+---------
